 Dungeon Crawl Stone Soup version 0.28-a0-1638-g9123634e07 (webtiles) character file.

Game seed: 8292152604072629755

117 Edwards80 the Slasher (level 4, 0/39 HPs)
             Began as a Minotaur Monk on Jan 25, 2022.
             Was an Elder of Nemelex Xobeh.
             Slain by a kobold (2 damage)
             ... on level 4 of the Dungeon.
             The game lasted 00:06:09 (3245 turns).

Edwards80 the Slasher (Minotaur Monk)               Turns: 3245, Time: 00:06:10

Health: 0/39       AC:  4    Str: 18    XL:     4   Next: 71%
Magic:  3/3        EV: 12    Int:  7    God:    Nemelex Xobeh [****..]
Gold:   69         SH:  0    Dex: 14    Spells: 3/3 levels left

rFire   . . .      SeeInvis .   a - +1 falchion
rCold   + + .      Faith    .   (no shield)
rNeg    . . .      Spirit   .   b - +1 leather armour {rC+}
rPois   .          Reflect  .   (helmet restricted)
rElec   .          Harm     .   (no cloak)
rCorr   .          Rampage  .   (no gloves)
Will    .....                   (no boots)
Stlth   ++........              (no amulet)
HPRegen 0.13/turn               (no ring)
MPRegen 0.08/turn               (no ring)

@: lethally poisoned (0 -> -1)
A: horns 2, retaliatory headbutt, agile 1, cold resistance 1
a: Renounce Religion, Draw Escape, Draw Destruction, Draw Summoning, Triple
Draw, Deal Four


You were on level 4 of the Dungeon.
You worshipped Nemelex Xobeh.
Nemelex Xobeh was greatly pleased with you.
You visited 1 branch of the dungeon, and saw 4 of its levels.

You collected 69 gold pieces.

Inventory:

Hand Weapons
 a - a +1 falchion (weapon)
 i - a +1 vampiric dagger
Armour
 b - a +1 leather armour of cold resistance (worn)
Magical Staves
 h - a staff of death
Jewellery
 g - a ring of fire
Scrolls
 k - a scroll of magic mapping {unknown}
Potions
 d - a potion of might
 e - a potion of haste
 j - a potion of heal wounds


   Skills:
 - Level 3.6 Fighting
 + Level 6.6 Long Blades
 - Level 3.3 Dodging
 - Level 1.5 Stealth


You had 3 spell levels left.
You didn't know any spells.
Your spell library was empty.

Dungeon Overview and Level Annotations

Branches:
Dungeon (4/15)
 Temple: D:4-7

Altars:
Cheibriados
Nemelex Xobeh
Xom
Zin

Shops:
D:2 [


Innate Abilities, Weirdness & Mutations

You have a pair of horns on your head.
You reflexively headbutt those who attack you in melee.
You are agile. (Dex +2)
Your flesh is cold resistant. (rC+)


Message History

The orc misses you.
You hit something. You headbutt something.
The orc hits you with a +4 short sword of venom.
You are poisoned.
You hit the orc.
The orc is heavily wounded.
You feel sick.
The orc hits you with a +4 short sword of venom.
You are more poisoned.
Something hits you but does no damage.
You hit the orc.
You kill the orc!
You feel very sick. Something hits you.
The orc falls through a shaft!
The shaft crumbles and collapses.
You slash something!
You feel sick.
The kobold shoots a bolt.
Something hits you but does no damage.
You closely miss something.
You feel sick.
The kobold shoots a bolt.
The bolt completely misses you.
You hear some strange, mumbled words.
A puff of flame appears from out of thin air!
The puff of flame hits you.
You miss something.
You feel sick.
The kobold shoots a bolt.
Reactivating autopickup.
You feel a bit more experienced.
You feel sick.
The kobold shoots a bolt.
The bolt hits you!
* * * LOW HITPOINT WARNING * * *
Things that are here:
a +0 dagger; a +0 robe
* * * LOW HITPOINT WARNING * * *
You feel sick.
The kobold unwields a +0 hand crossbow.
The kobold wields a +0 short sword.
The kobold barely misses you. You furiously retaliate!
You headbutt the kobold. You hit the kobold but do no damage.
The kobold is moderately wounded.
* * * LOW HITPOINT WARNING * * *
You feel sick.
The kobold hits you with a +0 short sword.
You die...
Your body disappears without a glow.

.#..............##...#
.....................
.................... ...
#.......<......##
#..##..........)....##
#......##.##............
..... #.#..............#
<.....#))).............#
......#@#...........#..#
.......K.##.........##..
..#####.##...>..........
#.####.......... #..#
#....#...#. .....
#..###...# .o..##.. ...
#..... ##. #..... ..


You could see a kobold.

Vanquished Creatures
  2 adders (D:2)
  2 dart slugs
  An orc (D:4)
  3 bats
  6 endoplasms
  7 giant cockroaches
  11 goblins
  9 hobgoblins
  2 jackals (D:2)
  A quokka (D:2)
  4 ball pythons
  2 frilled lizards
  8 kobolds
  9 rats
  A spectral hobgoblin (D:1)
68 creatures vanquished.

Vanquished Creatures (others)
  An orc wizard (D:4)
1 creature vanquished.

Grand Total: 69 creatures vanquished

Notes
Turn   | Place    | Note
-------+----------+-------------------------------------------
     0 | D:1      | Edwards80 the Minotaur Monk began the quest for the Orb.
     0 | D:1      | Reached XP level 1. HP: 19/19 MP: 0/0
    71 | D:1      | Reached skill level 4 in Long Blades
    73 | D:1      | Found a faded altar of an unknown god.
    90 | D:1      | Prayed at the altar of an unknown god.
    90 | D:1      | Became a worshipper of Nemelex Xobeh the Trickster
    90 | D:1      | Reached * piety under Nemelex Xobeh
    90 | D:1      | Received a gift from Nemelex Xobeh
    90 | D:1      | Reached ** piety under Nemelex Xobeh
    90 | D:1      | Received a gift from Nemelex Xobeh
   310 | D:1      | Reached XP level 2. HP: 26/26 MP: 1/1
   539 | D:1      | Reached *** piety under Nemelex Xobeh
   679 | D:1      | Reached skill level 5 in Long Blades
   933 | D:1      | Reached XP level 3. HP: 31/31 MP: 2/2
  1314 | D:2      | Received a gift from Nemelex Xobeh
  1585 | D:2      | Reached XP level 4. HP: 31/39 MP: 3/3
  1693 | D:2      | Reached skill level 6 in Long Blades
  1990 | D:2      | Found Datomuv's Armour Boutique.
  2357 | D:3      | Found a shimmering altar of Xom.
  2357 | D:3      | Found a snail-covered altar of Cheibriados.
  2358 | D:3      | Found a glowing silver altar of Zin.
  2459 | D:3      | Gained mutation: Your flesh is cold resistant. (rC+)
                  | [potion of mutation]
  2459 | D:3      | Gained mutation: You are agile. (Dex +2) [potion of
                  | mutation]
  2632 | D:3      | Reached **** piety under Nemelex Xobeh
  3245 | D:4      | Slain by a kobold

Illustrated notes

Levels and vault maps discovered:
D:1:      dpeg_arrival_prison, layout_basic,
          dreamdust_ecumenical_altar_drowned_temple, kennysheep_boxes
D:2:      layout_loops_ring, serial_shops, nicolae_shop_trees, hex_medium,
          kennysheep_generic_room_15
D:3:      layout_loops_ring, gammafunk_temple_overflow_forgotten
D:4:      layout_cave_pools, mainiacjoe_overflow_24_doors,
          minmay_temple_entry_fiery, gup_sewer_entry_bowl,
          grunt_decor_one_mirror, eino_tiny_chamber, st_stairs_3,
          minmay_statues_item

Skill      XL: |  1  2  3  4 |
---------------+-------------+-----
Long Blades    | 4 5 6 |  6.6
Fighting       | |  3.6
Dodging        | |  3.3
Stealth        | |  1.5

Action                   |  1- 3 |  4- 6 || total
-------------------------+-------+-------++-------
Melee: Falchion          |    82 |    49 ||   131
       Headbutt          |    15 |     8 ||    23
  Use: Scroll            |     2 |     4 ||     6
       Potion            |       |     1 ||     1
 Stab: Sleeping          |     4 |     2 ||     6
Armor: Robe              |     8 |     3 ||    11
       Leather armour    |       |     7 ||     7
Dodge: Dodged            |    48 |    27 ||    75

Table legend: (Time is in decaauts)
 A = Elapsed time spent in this place.
 B = Non-inter-level travel time spent in this place.
 C = Inter-level travel time spent in this place.
 D = Time resting spent in this place.
 E = Time spent auto-exploring this place.
 F = Levels seen in this place.
 G = Mean time per level.
                   A        B        C        D        E       F      G
               +--------+--------+--------+--------+--------+-----+--------+
         Total |   3291 |   3154 |    137 |      0 |   2600 |   4 |  822.8 |
       Dungeon |   3291 |   3154 |    137 |      0 |   2600 |   4 |  822.8 |
               +--------+--------+--------+--------+--------+-----+--------+

Top non-repeatable levels by time:
     D:1: 1204 daAuts
     D:3: 1059 daAuts
     D:2: 990 daAuts
     D:4: 36 daAuts
